 Dungeon Crawl Stone Soup version 0.29-a0-323-g050149af67 (webtiles) character file.

Game seed: 9514662684676614844

21 Jortsu the Skirmisher (level 2, 29/29 HPs)
             Began as a Troll Fighter on Apr 12, 2022.
             Was a High Priest of Ignis.
             Quit the game on level 1 of the Dungeon.
             The game lasted 00:01:05 (515 turns).

Jortsu the Skirmisher (Troll Fighter)                Turns: 515, Time: 00:01:05

Health: 29/29      AC:  4    Str: 23    XL:     2   Next: 62%
Magic:  1/1        EV:  8    Int:  4    God:    Ignis [*****.]
Gold:   38         SH:  7    Dex:  9    Spells: 1/1 levels left

rFire   + . .      SeeInvis .     - Unarmed
rCold   . . .      Faith    .   b - +0 kite shield
rNeg    . . .      Spirit   .   a - +0 robe
rPois   .          Reflect  .   (helmet restricted)
rElec   .          Harm     .   (no cloak)
rCorr   .          Rampage  .   (gloves unavailable)
Will    .....                   (boots unavailable)
Stlth   +.........              (no amulet)
HPRegen 0.89/turn               (no ring)
MPRegen 0.07/turn               (no ring)

@: weak-willed
A: large, unfitting armour, claws 3, regeneration 1, shaggy fur 1, tough skin 1
a: Renounce Religion, Fiery Armour, Foxfire Swarm, Rising Flame


You were on level 1 of the Dungeon.
You worshipped Ignis.
Ignis was extremely pleased with you.
You visited 1 branch of the dungeon, and saw 1 of its levels.

You collected 38 gold pieces.

Inventory:

Armour
 a - a +0 robe (worn)
 b - a +0 kite shield (worn)
Potions
 c - a potion of might
 f - a potion of haste {unknown}
 g - a potion of invisibility {unknown}
 h - 2 potions of mutation {unknown}
 i - a potion of curing {unknown}


   Skills:
 + Level 2.7 Fighting
 + Level 2.6 Dodging
 + Level 2.6 Shields
 + Level 2.3 Unarmed Combat


You had one spell level left.
You didn't know any spells.
Your spell library contained the following spells:

 Spells                   Type           Power      Damage    Failure   Level
 Blink                    Tloc           0%         N/A       91%         2
 Ignite Poison            Fire/Tmut/Pois 0%         N/A       99%         3
 Mephitic Cloud           Conj/Pois/Air  0%         N/A       99%         3
 Olgreb's Toxic Radiance  Pois           0%         N/A       100%        4
 Freezing Cloud           Conj/Ice/Air   0%         6-21      100%        5
 Manifold Assault         Tloc           0%         N/A       100%        5
 Conjure Ball Lightning   Conj/Air       0%         3x3d6     100%        6
 Storm Form               Tmut/Air       0%         N/A       100%        7


Dungeon Overview and Level Annotations

Branches:
Dungeon (1/15)

Altars:
Ignis


Innate Abilities, Weirdness & Mutations

You are too large for most types of armour.
You have claws for hands.
Your natural rate of healing is unusually fast.
You are covered in fur. (AC +1)
You have tough skin. (AC +1)


Message History

You closely miss the frilled lizard.
You block the frilled lizard's attack. x2
The endoplasm attacks as you move away! You block the endoplasm's attack.
You see here a ball python corpse.
The endoplasm attacks as you move away!
The endoplasm hits you but does no damage.
You scratch the endoplasm.
The endoplasm is lightly wounded.
You block the endoplasm's attack.
You claw the endoplasm!
You kill the endoplasm!
You claw the frilled lizard!
You kill the frilled lizard!
You see here a frilled lizard corpse.
You see here a ball python corpse.
A frilled lizard comes into view.
You see here 10 gold pieces.
You now have 38 gold pieces (gained 10).
The frilled lizard hisses angrily.
The frilled lizard bites you but does no damage.
You miss the frilled lizard.
The frilled lizard bites you but does no damage.
You claw the frilled lizard!
You kill the frilled lizard!
i - a glowing amethyst potion
Found 20 stones.
Found a faded altar of an unknown god.
You pick your way through the web.
There is a web here.
There is a faded altar of an unknown god here.
You cannot tell which god this altar belongs to.
Convert to them anyway?
Ignis accepts your prayer! Ignis welcomes you!
Okay, then.
There's something in the way.
As you read the scroll labelled SUUTUI XOTIRHE, it crumbles to dust.
Magic quickly surges around you.
It was a scroll of vulnerability.
As you read the scroll labelled LIUXOU DICK, it crumbles to dust.
The air around you briefly surges with heat, but it dissipates.
It was a scroll of immolation.
Are you sure you want to abandon this character and quit the game? (Confirm with "yes".)

#### (.. ###.#
#########8#.#
#.#.^.##....#
#8..^.#..8..#
#
#@.##...###.#
#
##8.##.####.#
# ########...#
#
#########...#
#
#...........#
#
#####.#######
#
#....#########
####.##.......
#.##.######


There were no monsters in sight!

Vanquished Creatures
  An endoplasm (D:1)
  A goblin (D:1)
  A hobgoblin (D:1)
  4 jackals (D:1)
  A quokka (D:1)
  4 ball pythons (D:1)
  3 frilled lizards (D:1)
  3 kobolds (D:1)
  3 rats (D:1)
21 creatures vanquished.

Notes
Turn   | Place    | Note
-------+----------+-------------------------------------------
     0 | D:1      | Jortsu the Troll Fighter began the quest for the Orb.
     0 | D:1      | Reached XP level 1. HP: 22/22 MP: 0/0
    25 | D:1      | Got Nadigul's Guide on Flight and Envenoming
   256 | D:1      | Reached XP level 2. HP: 29/29 MP: 1/1
   507 | D:1      | Found a faded altar of an unknown god.
   512 | D:1      | Prayed at the altar of an unknown god.
   512 | D:1      | Became a worshipper of Ignis, the Dying Flame
   515 | D:1      | Quit the game

Illustrated notes

Levels and vault maps discovered:
D:1:      minmay_arrival_radiant_lines, layout_loops_ring,
          shapermc_ecumenical_altar_petra, lemuel_old_faithful

Action                   || total
-------------------------++-------
Melee: Unarmed           ||    54
  Use: Scroll            ||     2
Armor: Robe              ||     8
Dodge: Dodged            ||    17
Block: Kite shield       ||    18

Table legend: (Time is in decaauts)
 A = Elapsed time spent in this place.
 B = Non-inter-level travel time spent in this place.
 C = Inter-level travel time spent in this place.
 D = Time resting spent in this place.
 E = Time spent auto-exploring this place.
 F = Levels seen in this place.
 G = Mean time per level.
                   A        B        C        D        E       F      G
               +--------+--------+--------+--------+--------+-----+--------+
         Total |    521 |    521 |      0 |      0 |    358 |   1 |  521.0 |
       Dungeon |    521 |    521 |      0 |      0 |    358 |   1 |  521.0 |
               +--------+--------+--------+--------+--------+-----+--------+

Top non-repeatable levels by time:
     D:1: 521 daAuts
